 Dungeon Crawl Stone Soup version 0.29-a0-512-gf59ac788ac (webtiles) character file.

Game seed: 5223973486558146811

4938 Spectrina the Torchbearer (level 10, -12/54 HPs)
             Began as a Deep Elf Monk on May 29, 2022.
             Was an Initiate of Yredelemnul.
             Mangled by a large abomination (22 damage)
             ... in a Gauntlet on May 30, 2022.
             The game lasted 01:09:35 (6127 turns).

Spectrina the Torchbearer (Deep Elf Monk)           Turns: 6127, Time: 01:09:35

Health: -12/54     AC: 11    Str:  6    XL:     10   Next: 28%
Magic:  18/18      EV: 15    Int: 14    God:    Yredelemnul [......]
Gold:   473        SH:  0    Dex: 19    Spells: 9/9 levels left

rFire   + + +      SeeInvis .   a - +5 long sword "Hahach" {freeze, rF++ rN+ Dex-2 Stlth+}
rCold   + . .      Faith    .   (no shield)
rNeg    + . .      Spirit   .   g - +3 leather armour
rPois   +          Reflect  .   (no helmet)
rElec   +          Harm     .   (no cloak)
rCorr   +          Rampage  .   p - +0 pair of gloves
Will    ++...      NoTele   +   o - +1 pair of boots
Stlth   +++++.....              (no amulet)
HPRegen 0.18/turn               k - ring of poison resistance
MPRegen 0.16/turn               (no ring)

@: resistant
A: hooves 1, iridescent scales 1, dopey 1, strong-willed 1, weak 1, MP-powered
wands
a: Renounce Religion, Recall Undead Harvest


You were in a Gauntlet.
You worshipped Yredelemnul.
Yredelemnul was aware of your devotion.
You visited 3 branches of the dungeon, and saw 12 of its levels.
You also visited: Gauntlet.

You collected 473 gold pieces.

Inventory:

Hand Weapons
 a - the +5 long sword "Hahach" (weapon) {freeze, rF++ rN+ Dex-2 Stlth+}
   (You found it on level 7 of the Dungeon)

   It freezes those it strikes, dealing additional cold damage.
   It can also slow down cold-blooded creatures.
   Dex:       It affects your dexterity (-2).
   rF:        It greatly protects you from fire.
   rN:        It protects you from negative energy.
   Stlth:     It makes you more stealthy.
 b - a +4 shortbow of freezing
 z - a +0 falchion
 C - a +1 vampiric glaive
 I - a +2 dagger of electrocution
 J - a +0 bardiche
 M - a +0 hand crossbow
Missiles
 d - 298 stones
 h - 7 javelins (quivered)
 r - a throwing net
 u - 4 poisoned darts
Armour
 g - a +3 leather armour (worn)
 l - +0 acid dragon scales
 o - a +1 pair of boots (worn)
 p - a +0 pair of gloves (worn)
 y - the +0 robe of the Bulwark {Rampage Fly rN+ Str-2}
   (You found it on level 6 of the Dungeon)

   Str:       It affects your strength (-2).
   rN:        It protects you from negative energy.
   Fly:       It grants you flight.
   Rampage:   It bestows one free step when moving towards enemies.
 D - a +3 leather armour of willpower
 P - the +1 helmet of the Distant Future {rC+}
   (You found it in a Gauntlet)

   rC:        It protects you from cold.
Magical Staves
 c - a staff of cold
 E - a staff of death
 O - a staff of poison
Jewellery
 k - a ring of poison resistance (left hand)
Wands
 j - a wand of flame (15)
 B - a wand of iceblast (10)
Scrolls
 f - a scroll of noise {unknown}
 i - 3 scrolls of fog
 n - a scroll of teleportation
 q - a scroll of vulnerability {unknown}
 s - a scroll of brand weapon
 t - a scroll of immolation {unknown}
 w - a scroll of poison
 x - a scroll of acquirement {unknown}
 F - a scroll of blinking {unknown}
 H - 2 scrolls of magic mapping {unknown}
 K - a scroll of summoning {unknown}
 N - 2 scrolls of amnesia {unknown}
Potions
 e - 3 potions of mutation
 m - a potion of magic
 v - 2 potions of attraction
 A - 3 potions of brilliance
 L - 2 potions of cancellation


   Skills:
 - Level 2.4 Fighting
 - Level 2.2(6.4) Short Blades
 - Level 8.8(9.0) Long Blades
 + Level 5.8 Bows
 + Level 0.2 Armour
 + Level 7.0 Dodging
 - Level 7.0 Stealth
 + Level 9.1 Invocations


You had 9 spell levels left.
You didn't know any spells.
Your spell library contained the following spells:

 Spells                   Type           Power      Damage    Failure   Level
 Magic Dart               Conj           0%         1d3       41%         1
 Searing Ray              Conj           0%         2d4       56%         2
 Static Discharge         Conj/Air       0%         N/A       56%         2
 Ignite Poison            Fire/Tmut/Pois 0%         N/A       80%         3
 Mephitic Cloud           Conj/Pois/Air  0%         N/A       80%         3
 Fulminant Prism          Conj/Hex       0%         3d6       99%         4
 Freezing Cloud           Conj/Ice/Air   0%         6-21      100%        5
 Lightning Bolt           Conj/Air       0%         1d11      100%        5
 Maxwell's Capacitive Co  Air            0%         ∞         100%        8


Dungeon Overview and Level Annotations

Branches:
Dungeon (9/15)             Temple (1/1) D:5            Lair (2/6) D:8
Gauntlet (1/1)
  Swamp: Lair:2-4    Shoals: Lair:2-4     Snake: Lair:2-4    Spider: Lair:2-4
    Orc: D:9-12

Altars:
Ashenzari
Cheibriados
Dithmenos
Elyvilon
Fedhas
Gozag
Hepliaklqana
Kikubaaqudgha
Makhleb
Nemelex Xobeh
Okawaru
Qazlal
Ru
Vehumet
Wu Jian
Xom
Yredelemnul
The Shining One

Shops:
D:7 *

Annotations:
D:2 Sigmund
D:7 Duvessa, Joseph Gauntlet 9 transporters


Innate Abilities, Weirdness & Mutations

You have large cloven feet.
You are partially covered in iridescent scales. (AC +2)
You are dopey. (Int -2)
You are strong-willed. (Will+)
You are weak. (Str -2)
You expend magic power (3 MP) to strengthen your wands.


Message History

You feel protected. The small abomination hits you!
* * * LOW HITPOINT WARNING * * *
The small abomination barely misses you.
Unknown command.
You feel better.
You are starting to lose your buoyancy.
The small abomination barely misses you.
The small abomination misses you.
The small abomination closely misses you.
Unknown command.
You strike the helpless small abomination from behind!
You slash the small abomination! You freeze the small abomination.
The small abomination is severely damaged.
The small abomination hits you!
* * * LOW HITPOINT WARNING * * *
Unknown command.
You completely miss the small abomination.
The small abomination is severely damaged.
The small abomination misses you. x2
Unknown command.
You catch the helpless small abomination completely off-guard!
You slash the small abomination! You freeze the small abomination.
You destroy the small abomination!
The small abomination misses you.
Training target 9.0 for Long Blades reached!
Unknown command.
The small abomination barely misses you.
You float gracefully downwards.
You flicker for a moment.
Unknown command.
The small abomination hits you but does no damage.
The small abomination barely misses you.
The small abomination closely misses you.
You flicker back into view.
The small abomination hits you.
* * * LOW HITPOINT WARNING * * *
The large abomination hits you!!
You die...
Your body rises from the dead as a mindless zombie.

##...#..##..#..#.Y#...#.##...
...8.#..#$.#..#...#...#..#.zz
##...#..#.#.w#YY..#...#...#z#
#...#..###########...#######
##.©.#≈.............≈........
.....#∩............§8≈.......
##.©.#≈.............≈........
#...#..###########...#######
##...#..#..X@x....#...#..YY≈.
...8.#..#..X###X..#...#≈≈.≈≈Y
##...#..#=...#....#####..≈..≈
#.8.#..#?#..#..#.#...#.≈.≈≈.
#.§.#..#©.######.#©.©#©..≈..
#§8§#..#)#..#©.#.#...#...≈≈.
#####..#....#....#####≈.≈..≈
###..#...###...#...#.≈≈≈..
#8#..#.........#.8.#....≈≈


You could see 2 elephants, a torpor snail, 3 large abominations and a small
abomination.

Vanquished Creatures
  Maggie (D:8)
  A rime drake (D:7)
  A komodo dragon (D:8)
  2 wyverns
  A basilisk (D:8)
  A wraith (D:9)
  2 steam dragons (D:8)
  A water moccasin (D:8)
  An orc warrior (D:8)
  A black bear (D:5)
  An ice beast (D:7)
  An ogre (D:5)
  2 centaurs
  A kobold brigand (D:8)
  Blork the orc (D:5)
  A necrophage (D:7)
  2 small abominations (Gauntlet)
  3 bullfrogs
  4 scorpions
  2 killer bees (D:5)
  2 orc priests
  3 hounds
  4 jellies
  3 iguanas
  Ijyb (D:3)
  Natasha (thrice) (D:3)
  4 orc wizards
  2 gnolls (D:6)
  4 adders
  2 shadow imps
  A white imp (D:8)
  A worm (D:2)
  A dart slug (D:4)
  27 orcs
  6 ball pythons
  5 endoplasms
  A giant cockroach (D:2)
  4 goblins
  8 hobgoblins
  9 jackals
  3 quokkas
  4 bats
  2 frilled lizards
  9 kobolds
  A rat (D:1)
140 creatures vanquished.

Vanquished Creatures (collateral kills)
  A two-headed ogre (D:8)
  A wyvern (D:8)
  A basilisk (D:8)
  An ice beast (D:7)
  A killer bee (D:5)
  A gnoll shaman (D:6)
  An iguana (D:6)
  A gnoll (D:6)
  An adder (D:6)
  2 shadow imps
  5 orcs
16 creatures vanquished.

Vanquished Creatures (others)
  A wyvern zombie (D:8)
  A water moccasin zombie (D:8)
  A bullfrog zombie (D:6)
  2 centaur zombies
  A hound (D:7)
  2 scorpion zombies (D:7)
  A steam dragon zombie (D:8)
  A jelly zombie (D:8)
  A spectral white imp (D:8)
  A spectral shadow imp (D:6)
  A gnoll zombie (D:6)
  3 kobold zombies (D:8)
  11 orc zombies
  4 fungi (Gauntlet)
  10 plants (Gauntlet)
  4 toadstools (D:1)
  20 withered plants (Gauntlet)
65 creatures vanquished.

Grand Total: 221 creatures vanquished

Notes
Turn   | Place    | Note
-------+----------+-------------------------------------------
     0 | D:1      | Spectrina the Deep Elf Monk began the quest for the Orb.
     0 | D:1      | Reached XP level 1. HP: 13/13 MP: 3/3
   192 | D:3      | Noticed an orc wizard
   227 | D:2      | Reached XP level 2. HP: 18/18 MP: 4/4
   454 | D:2      | Noticed Sigmund
   557 | D:3      | Noticed Ijyb
   563 | D:3      | Killed Ijyb
   564 | D:3      | Reached XP level 3. HP: 15/22 MP: 5/5
   612 | D:3      | Noticed Natasha
   615 | D:3      | Killed Natasha
   616 | D:3      | Reached XP level 4. HP: 23/27 MP: 6/6
  1377 | D:3      | Found a shadowy altar of Dithmenos.
  1412 | D:3      | Noticed Natasha
  1425 | D:3      | Killed Natasha
  1625 | D:4      | Reached XP level 5. HP: 24/31 MP: 7/7
  1691 | D:5      | Entered Level 5 of the Dungeon
  1862 | D:3      | Found a broken altar of Ashenzari.
  1900 | D:3      | Noticed Natasha
  1905 | D:3      | Killed Natasha
  1906 | D:3      | Reached skill level 5 in Long Blades
  2326 | D:5      | Reached XP level 6. HP: 15/36 MP: 8/8
  2472 | D:5      | Gained mutation: Potions are less effective at restoring
                  | your health. [potion of mutation]
  2472 | D:5      | Gained mutation: You expend magic power (3 MP) to
                  | strengthen your wands. [potion of mutation]
  2472 | D:5      | Gained mutation: You are dopey. (Int -2) [potion of
                  | mutation]
  2472 | D:5      | Gained mutation: You are partially covered in iridescent
                  | scales. (AC +2) [potion of mutation]
  2473 | D:5      | Lost mutation: Potions are less effective at restoring your
                  | health. [potion of mutation]
  2473 | D:5      | Lost mutation: You expend magic power (3 MP) to strengthen
                  | your wands. [potion of mutation]
  2473 | D:5      | Gained mutation: You have large cloven feet. [potion of
                  | mutation]
  2473 | D:5      | Gained mutation: You are strong-willed. (Will+) [potion of
                  | mutation]
  2473 | D:5      | Gained mutation: You are weak. (Str -2) [potion of
                  | mutation]
  2473 | D:5      | Gained mutation: You expend magic power (3 MP) to
                  | strengthen your wands. [potion of mutation]
  2571 | D:5      | Reached skill level 5 in Dodging
  2603 | D:5      | Found a burning altar of Makhleb.
  2656 | D:5      | Reached skill level 5 in Stealth
  2672 | D:5      | Reached XP level 7. HP: 40/40 MP: 2/9
  2679 | D:5      | Noticed Blork the orc
  2688 | D:5      | Killed Blork the orc
  2884 | D:5      | Found a staircase to the Ecumenical Temple.
  2893 | Temple   | Entered the Ecumenical Temple
  3061 | Temple   | Became a worshipper of Yredelemnul the Dark
  3061 | Temple   | Reached * piety under Yredelemnul
  3061 | Temple   | Reached ** piety under Yredelemnul
  3736 | D:6      | Reached skill level 1 in Invocations
  3795 | D:6      | HP: 2/40 [poisoned by a scorpion]
  3807 | D:6      | Reached skill level 2 in Invocations
  3807 | D:6      | Reached XP level 8. HP: 3/45 MP: 0/11
  3945 | D:6      | Identified the +0 robe of the Bulwark {Rampage Fly rN+
                  | Str-2}
  4178 | D:7      | Reached skill level 3 in Invocations
  4332 | D:7      | Reached skill level 4 in Invocations
  4339 | D:7      | Noticed Joseph
  4471 | D:7      | Found a shimmering altar of Xom.
  4474 | D:7      | Found a stormy altar of Qazlal.
  4477 | D:7      | Found an opulent altar of Gozag.
  4480 | D:7      | Found a snail-covered altar of Cheibriados.
  4481 | D:7      | Noticed Dowan
  4505 | D:7      | Noticed Dowan
  4505 | D:7      | Dowan changed into Dowan the rime drake
  4520 | D:7      | Reached skill level 5 in Invocations
  4554 | D:7      | Killed Dowan the rime drake
  4555 | D:7      | Reached skill level 6 in Invocations
  4555 | D:7      | Reached XP level 9. HP: 23/49 MP: 6/15
  4594 | D:7      | Identified the +5 long sword "Hahach" {freeze, rF++ rN+
                  | Dex-2 Stlth+}
  4601 | D:7      | Noticed Duvessa
  4703 | D:7      | Found Penedot's Practical Paraphernalia.
  4893 | D:8      | Found a glowing golden altar of the Shining One.
  5155 | D:8      | Reached skill level 7 in Invocations
  5357 | D:9      | Found an ornate altar of the Wu Jian Council.
  5617 | D:8      | Reached skill level 1 in Bows
  5635 | D:8      | Noticed a two-headed ogre
  5635 | D:8      | Noticed a komodo dragon
  5637 | D:8      | Noticed Maggie
  5644 | D:8      | Killed a komodo dragon
  5645 | D:8      | Reached skill level 8 in Invocations
  5647 | D:8      | Killed a two-headed ogre
  5648 | D:8      | Killed Maggie
  5649 | D:8      | Reached XP level 10. HP: 54/54 MP: 0/18
  5650 | D:8      | Reached skill level 5 in Bows
  5655 | D:8      | Reached *** piety under Yredelemnul
  5655 | D:8      | Reached skill level 9 in Invocations
  5677 | D:8      | Found a staircase to the Lair.
  5699 | Lair:1   | Entered Level 1 of the Lair of Beasts
  5872 | Lair:2   | Found a gate leading to a gauntlet.
  5881 | Gauntlet | Entered a Gauntlet
  5881 | Gauntlet | Noticed a necromancer
  5881 | Gauntlet | Noticed a death yak
  5881 | Gauntlet | Noticed a death yak
  5881 | Gauntlet | Found a transporter.
  5881 | Gauntlet | Found a transporter.
  5881 | Gauntlet | Found a transporter.
  5883 | Gauntlet | Noticed a death yak
  5885 | Gauntlet | Found a transporter.
  5885 | Gauntlet | Found a transporter.
  5885 | Gauntlet | Noticed a death yak
  5889 | Gauntlet | Noticed a death yak
  5890 | Gauntlet | Noticed a death yak
  5893 | Gauntlet | Noticed an elephant
  5894 | Gauntlet | Noticed an elephant
  5894 | Gauntlet | Noticed a large abomination
  5895 | Gauntlet | Noticed an elephant
  5895 | Gauntlet | Noticed an elephant
  5896 | Gauntlet | Found a transporter.
  5898 | Gauntlet | Noticed a large abomination
  5898 | Gauntlet | Noticed an elephant
  5900 | Gauntlet | Noticed a torpor snail
  5939 | Gauntlet | Noticed an elephant
  5941 | Gauntlet | Found a transporter.
  5947 | Gauntlet | Found a transporter.
  5955 | Gauntlet | Found a transporter.
  5972 | Gauntlet | Found a transporter.
  5980 | Gauntlet | Found a transporter.
  5992 | Gauntlet | Noticed a sixfirhy
  5998 | Gauntlet | Found a transporter.
  6084 | Gauntlet | Identified the +1 helmet of the Distant Future {rC+}
  6127 | Gauntlet | Mangled by a large abomination

Illustrated notes

Levels and vault maps discovered:
D:1:      mushboom_english_gardens, layout_basic, minmay_gold_behind_fungi,
          roderic_serpentine_path
D:2:      layout_basic, chequers_serial_rivers_micro_c, minmay_tromino_v7,
          uniq_crazy_yiuf_cottage, uniq_sigmund
D:3:      layout_loops_corners, ashenzari_conservatory_becter,
          nicolae_overflow_hidden_temple, uniq_ijyb, uniq_natasha
D:4:      layout_loops_ring
D:5:      layout_layer_cave, mainiacjoe_overflow_brackets,
          minmay_temple_entry_antechambers, kennysheep_generic_room_11,
          uniq_blork_the_orc
D:6:      layout_cave_pools, st_stairs_6
D:7:      layout_rooms, grunt_temple_overflow_cloverleaf,
          nicolae_alphabet_shops, chequers_serial_rivers_large_b,
          kennysheep_generic_room_7, uniq_duvessa, uniq_joseph
D:8:      layout_loops_ring, kennysheep_mini_moat, erik_lair_dragon, uniq_maggie
D:9:      layout_loops_cross, trog_hazing_becter, marbit_many_paths,
          nicolae_shop_overcharged_wands
Temple:   minmay_temple_forest_path
Lair:1:   layout_chaotic_city, minivault_25, beast_lair_carwin_10
Lair:2:   layout_regular_city, gauntlet_entry_generic, basic_altar,
          lemuel_oklob_altar
Gauntlet: gammafunk_gauntlet_shortcut [nicolae_gauntlet_arena_flowing_pool,
          nicolae_gauntlet_arena_t_cross, gammafunk_gauntlet_arena_chambers,
          gammafunk_gauntlet_arena_split_x, gammafunk_gauntlet_arena_hedges,
          gammafunk_gauntlet_arena_arrow_garden, gauntlet_exit_watery]

Skill      XL: |  1  2  3  4  5  6  7  8  9 10 |
---------------+-------------------------------+-----
Long Blades    | 3 4 5 6 8 |  8.8
Stealth        | 3 4 5 6 7 |  7.0
Dodging        | 4 5 6 7 |  7.0
Invocations    | 2 6 8 9 |  9.1
Short Blades   | 2 |  2.2
Bows           | 4 5 |  5.8
Fighting       | |  2.4
Armour         | |  0.2

Action                   |  1- 3 |  4- 6 |  7- 9 | 10-12 || total
-------------------------+-------+-------+-------+-------++-------
Melee: Falchion          |    69 |   179 |   126 |       ||   374
       Punch             |     1 |     4 |     2 |       ||     7
       Dagger            |       |       |    17 |       ||    17
       Long sword        |       |       |    45 |    17 ||    62
 Fire: Shortbow          |       |       |    14 |     6 ||    20
Throw: Stone             |     4 |    13 |    10 |       ||    27
       Javelin           |     3 |     9 |    27 |       ||    39
       Dart              |       |     7 |    19 |       ||    26
Invok: Recall Undead Har |       |       |     1 |       ||     1
Evoke: Wand              |     5 |    14 |    63 |       ||    82
  Use: Potion            |     2 |     8 |     3 |     4 ||    17
       Scroll            |       |     4 |     7 |       ||    11
 Stab: Sleeping          |     3 |     5 |     6 |       ||    14
       Distracted        |       |     1 |       |       ||     1
       Invisible         |       |       |     4 |     4 ||     8
Armor: Robe              |    10 |       |       |       ||    10
       Leather armour    |       |    41 |    55 |     2 ||    98
Dodge: Dodged            |    52 |   106 |   187 |    15 ||   360

Table legend: (Time is in decaauts)
 A = Elapsed time spent in this place.
 B = Non-inter-level travel time spent in this place.
 C = Inter-level travel time spent in this place.
 D = Time resting spent in this place.
 E = Time spent auto-exploring this place.
 F = Levels seen in this place.
 G = Mean time per level.
                   A        B        C        D        E       F      G
               +--------+--------+--------+--------+--------+-----+--------+
         Total |   6178 |   5716 |    462 |      0 |      0 |  13 |  475.2 |
       Dungeon |   5531 |   5151 |    380 |      0 |      0 |   9 |  614.6 |
        Temple |    222 |    140 |     82 |      0 |      0 |   1 |  222.0 |
          Lair |    179 |    179 |      0 |      0 |      0 |   2 |   89.5 |
      Gauntlet |    244 |    244 |      0 |      0 |      0 |   1 |  244.0 |
               +--------+--------+--------+--------+--------+-----+--------+

Top non-repeatable levels by time:
     D:5: 1134 daAuts
     D:7: 723 daAuts
     D:2: 664 daAuts
     D:3: 645 daAuts
     D:4: 628 daAuts
     D:8: 622 daAuts
     D:6: 531 daAuts
     D:1: 331 daAuts
     D:9: 249 daAuts
Gauntlet: 244 daAuts
  Temple: 222 daAuts
  Lair:1: 170 daAuts
  Lair:2: 8 daAuts
